 Dungeon Sprint DCSS version 0.27.1-4-g1640c2035a (webtiles) character file.

Game seed: 1284410497963290722

941 boopmooplesden the Cleaver (level 7, -6/73 HPs)
             Began as a Minotaur Fighter on Nov 4, 2021.
             Was a Believer of Okawaru.
             Mangled by a two-headed ogre (12 damage)
             ... in the Dungeon (Sprint IX: "|||||||||||||||||||||||||||||").
             The game lasted 00:01:03 (258 turns).

boopmooplesden the Cleaver (Minotaur Fighter)        Turns: 258, Time: 00:01:04

Health: -6/73      AC: 14    Str: 25    XL:     7   Next: 88%
Magic:  6/6        EV: 10    Int:  5    God:    Okawaru [**....]
Gold:   0          SH: 12    Dex: 10    Spells: 6/6 levels left

rFire    . . .     SeeInvis .   a - +0 war axe
rCold    . . .     Faith    .   c - +0 kite shield
rNeg     . . .     Spirit   .   r - +1 scale mail
rPois    .         Reflect  .   (helmet restricted)
rElec    .         Harm     .   q - +0 cloak
rCorr    .         Rampage  .   (no gloves)
Will     .....     NoTele   +   p - +0 pair of boots
Stlth    ..........             (no amulet)
HPRegen  0.22/turn              s - +3 ring of strength
MPRegen  0.10/turn              t - +2 ring of protection

@: on berserk cooldown, slowed, very slow
A: horns 2, retaliatory headbutt
a: Renounce Religion, Heroism


You were in the Dungeon.
You worshipped Okawaru.
Okawaru was pleased with you.
You visited 1 branch

Inventory:

Hand Weapons
 a - a +0 war axe (weapon)
 n - the +2 scimitar of Infinity {spect, rCorr Str-3 Dex+5}
   (You found it in the Dungeon)

   When its wielder attacks, the weapon's spirit leaps out and strikes again.
   The spirit shares a part of any damage it takes with its wielder.
   Str:       It affects your strength (-3).
   Dex:       It affects your dexterity (+5).
   rCorr:     It protects you from acid and corrosion.
 o - a +3 war axe of freezing
Armour
 b - a +0 scale mail
 c - a +0 kite shield (worn)
 p - a +0 pair of boots (worn)
 q - a +0 cloak (worn)
 r - a +1 scale mail (worn)
Jewellery
 s - a +3 ring of strength (left hand)
 t - a +2 ring of protection (right hand)
Wands
 m - a wand of acid (10)
Scrolls
 j - 2 scrolls of blinking
 l - 2 scrolls of amnesia
Potions
 d - a potion of might
 e - 5 potions of curing
 f - 3 potions of heal wounds
 g - a potion of haste
 h - 4 potions of magic
 k - a potion of invisibility


   Skills:
 + Level 10.4 Fighting
 + Level 11.2 Axes
 + Level 10.8 Armour
 + Level 3.1 Dodging
 + Level 10.1 Shields


You had 6 spell levels left.
You didn't know any spells.
Your spell library was empty.

Dungeon Overview and Level Annotations

Branches:
Dungeon (1/1)

Altars:
Cheibriados
Dithmenos
Elyvilon
Fedhas
Gozag
Hepliaklqana
Kikubaaqudgha
Makhleb
Nemelex Xobeh
Okawaru
Qazlal
Ru
Sif Muna
Trog
Uskayaw
Vehumet
Wu Jian
Xom
Yredelemnul
Zin
The Shining One
Beogh
Jiyva
Lugonu


Innate Abilities, Weirdness & Mutations

You have a pair of horns on your head.
You reflexively headbutt those who attack you in melee.


Message History

The two-headed ogre hits you with a +0 giant club!
You completely miss the two-headed ogre.
Your headbutt misses the two-headed ogre.
The two-headed ogre is moderately wounded.
You hit the two-headed ogre. You headbutt the two-headed ogre.
The two-headed ogre is moderately wounded.
The two-headed ogre hits you with a +0 giant club. x2
You barely miss the two-headed ogre.
The two-headed ogre is moderately wounded.
The two-headed ogre hits you with a +0 giant club.
The two-headed ogre hits you with a +0 giant club!
You hit the two-headed ogre. You headbutt the two-headed ogre!!
The two-headed ogre is almost dead.
You slash the two-headed ogre!
You kill the two-headed ogre!
Okawaru is honoured by your kill.
Your Fighting skill gained 2 levels and is now at level 10!
Your Axes skill gained 3 levels and is now at level 11!
Your Armour skill gained 2 levels and is now at level 10!
Your Dodging skill increases to level 3!
Your Shields skill gained 2 levels and is now at level 10!
You have reached level 7!
You barely miss the two-headed ogre. You block the two-headed ogre's attack.
The two-headed ogre hits you with a +0 giant club!
You slash the two-headed ogre!
The two-headed ogre is moderately wounded.
You are no longer berserk.
You are exhausted.
You feel yourself slow down.
You slash the two-headed ogre!
The two-headed ogre is heavily wounded.
You block the two-headed ogre's attack. x2
You slash the two-headed ogre!
Your headbutt misses the two-headed ogre.
The two-headed ogre is heavily wounded.
The two-headed ogre hits you with a +0 giant club!!
* * * LOW HITPOINT WARNING * * *
The two-headed ogre closely misses you. You block the two-headed ogre's attack.
The two-headed ogre hits you with a +0 giant club!
You die... ▓▓▓▓▓▓▓▓▓▓▓▓▓▓▓▓▓▓▓▓▓▓▓▓ ....DcO@.....)..'_______ ▓▓▓▓▓▓▓▓▓▓▓▓▓▓▓▓▓▓▓▓▓▓▓▓

You could see a two-headed ogre, an acid dragon and a centaur.

Vanquished Creatures
  A two-headed ogre (D)
  A wraith (D)
  An orc warrior (D)
  A centaur (D)
  An adder skeleton (D)
  A dart slug (D)
  A ball python (D)
  A kobold (D)
  A quokka (D)
  A ball python skeleton (D)
  A ball python zombie (D)
  A frilled lizard (D)
  A rat (D)
13 creatures vanquished.

Notes
Turn   | Place    | Note
-------+----------+-------------------------------------------
     0 | D        | boopmooplesden the Minotaur Fighter began the quest for the
                  | Orb.
     0 | D        | Reached XP level 1. HP: 19/19 MP: 0/0
    14 | D        | Reached skill level 3 in Axes
    74 | D        | Noticed a centaur
    79 | D        | Reached XP level 2. HP: 22/28 MP: 1/1
    84 | D        | Killed a centaur
    85 | D        | Reached skill level 5 in Axes
    85 | D        | Reached XP level 3. HP: 20/37 MP: 2/2
    85 | D        | Reached XP level 4. HP: 23/44 MP: 3/3
    98 | D        | Found a snail-covered altar of Cheibriados.
    98 | D        | Found a shadowy altar of Dithmenos.
    98 | D        | Found a white marble altar of Elyvilon.
    98 | D        | Found a blossoming altar of Fedhas.
    98 | D        | Found an opulent altar of Gozag.
    99 | D        | Found a hazy altar of Hepliaklqana.
   100 | D        | Found a viscous altar of Jiyva.
   101 | D        | Found an ancient bone altar of Kikubaaqudgha.
   102 | D        | Found a corrupted altar of Lugonu.
   103 | D        | Found a burning altar of Makhleb.
   104 | D        | Found a sparkling altar of Nemelex Xobeh.
   105 | D        | Found an iron altar of Okawaru.
   106 | D        | Found a stormy altar of Qazlal.
   107 | D        | Found a sacrificial altar of Ru.
   108 | D        | Found a shimmering blue altar of Sif Muna.
   109 | D        | Found a bloodstained altar of Trog.
   110 | D        | Found a hide-covered altar of Uskayaw.
   111 | D        | Found a radiant altar of Vehumet.
   112 | D        | Found an ornate altar of the Wu Jian Council.
   113 | D        | Became a worshipper of Warmaster Okawaru
   114 | D        | Found a shimmering altar of Xom.
   115 | D        | Found a basalt altar of Yredelemnul.
   116 | D        | Found a glowing silver altar of Zin.
   117 | D        | Found a glowing golden altar of the Shining One.
   133 | D        | Got the +2 scimitar of Infinity {spect, rCorr Str-3 Dex+5}
   237 | D        | Noticed an acid dragon
   237 | D        | Noticed a two-headed ogre
   237 | D        | Noticed a two-headed ogre
   237 | D        | Noticed a centaur
   237 | D        | Noticed an orc warrior
   237 | D        | Noticed a wraith
   243 | D        | Killed a wraith
   244 | D        | Reached skill level 7 in Axes
   244 | D        | Reached skill level 1 in Dodging
   244 | D        | Reached XP level 5. HP: 53/53 MP: 4/4
   248 | D        | Killed an orc warrior
   248 | D        | Reached * piety under Okawaru
   249 | D        | Reached skill level 8 in Axes
   249 | D        | Reached XP level 6. HP: 62/62 MP: 5/5
   254 | D        | Killed a two-headed ogre
   254 | D        | Reached ** piety under Okawaru
   255 | D        | Reached skill level 10 in Fighting
   255 | D        | Reached skill level 11 in Axes
   255 | D        | Reached skill level 10 in Armour
   255 | D        | Reached skill level 10 in Shields
   255 | D        | Reached XP level 7. HP: 45/73 MP: 6/6
   258 | D        | Mangled by a two-headed ogre

Illustrated notes

Levels and vault maps discovered:
D:        linesprint [early_d, line_temple, items_1, d_10, items_2, lair_1,
          lair_end, items_3, orc_1, orc_end, items_4, d_15, swamp_1, shoals_1,
          snake_1, spider_1, d_20, vaults_1, items_5, swamp_end, shoals_end,
          snake_end, spider_end, vaults_end, d_27, items_6, zot_1, zot_end,
          crypt_end, forest_end, elf_end, slime_end, tomb_end, abyss_end,
          pan_hell_end]

Skill      XL: |  1  2  3  4  5  6 |
---------------+-------------------+-----
Fighting       | 4 6 8 10 | 10.4
Armour         | 4 6 7 8 10 | 10.8
Shields        | 4 6 7 8 10 | 10.1
Axes           | 3 5 7 8 11 | 11.2
Dodging        | 1 2 3 |  3.1

Action                   |  1- 3 |  4- 6 |  7- 9 || total
-------------------------+-------+-------+-------++-------
Melee: War axe           |    21 |    23 |     4 ||    48
       Headbutt          |     3 |     6 |       ||     9
  Use: Potion            |       |     1 |       ||     1
Armor: Scale mail        |    11 |     3 |       ||    14
Dodge: Dodged            |     8 |     6 |     1 ||    15
Block: Kite shield       |    15 |     5 |     4 ||    24
